 Dungeon Crawl Stone Soup version 0.30-a0-389-g8d7d949f56 (webtiles) character file.

Game seed: 17155391200849575537

5861 Emberiza the Cleaver (level 10, -3/136 HPs)
             Began as a Minotaur Berserker on Dec 3, 2022.
             Was a High Priest of Trog.
             Succumbed to Amaemon's poison
             ... on level 9 of the Dungeon.
             The game lasted 00:24:50 (7097 turns).

Emberiza the Cleaver (Minotaur Berserker)           Turns: 7097, Time: 00:24:50

Health: -3/136     AC: 18    Str: 27    XL:     10   Next: 52%
Magic:  9/9        EV:  5    Int:  4    God:    Trog [*****.]
Gold:   550        SH: 16    Dex:  9    Spells: 9/9 levels left

rFire   . . .      SeeInvis .    v - +2 hand axe (flame)
rCold   . . .      Faith    .    b - +0 tower shield
rNeg    . . .      Spirit   .    G - +0 plate armour
rPois   .          Reflect  +    (helmet restricted)
rElec   .          Harm     .    u - +0 cloak
rCorr   .          Rampage  .    d - +0 pair of gloves
Will    +++..                    s - +0 pair of boots
Stlth   ..........               g - amulet of reflection
HPRegen 1.42/turn                x - ring of willpower
MPRegen 0.11/turn                (no ring)

@: berserking (expiring), lethally poisoned (-3 -> -12), strong-willed,
regenerating, very quick
A: horns 2, retaliatory headbutt
a: Renounce Religion, Berserk, Trog's Hand, Brothers in Arms


You were on level 9 of the Dungeon.
You worshipped Trog.
Trog was extremely pleased with you.
You visited 1 branch of the dungeon, and saw 9 of its levels.

You collected 550 gold pieces.

Inventory:

Hand Weapons
 a - a +1 hand axe of draining
 v - a +2 hand axe of flaming (weapon)
Missiles
 t - 25 poisoned darts (quivered)
Armour
 b - a +0 tower shield (worn)
 d - a +0 pair of gloves (worn)
 i - a +1 chain mail
 m - a +1 barding
 s - a +0 pair of boots (worn)
 u - a +0 cloak (worn)
 G - a +0 plate armour (worn)
Jewellery
 g - an amulet of reflection (around neck)
 x - a ring of willpower (left hand)
 A - a ring of protection from fire
Wands
 c - a wand of iceblast (5)
 l - a wand of digging (11)
 p - a wand of flame (3)
 q - a wand of acid (11)
Scrolls
 e - 3 scrolls of enchant armour
 k - 5 scrolls of blinking
 n - a scroll of enchant weapon
 o - 2 scrolls of magic mapping
 y - a scroll of identify
 D - a scroll of teleportation
 F - a scroll of immolation {unknown}
Potions
 f - a potion of flight
 h - 4 potions of brilliance
 j - 3 potions of curing
 r - 4 potions of degeneration
 w - 2 potions of heal wounds
 z - a potion of lignification
 B - a potion of resistance {unknown}
 C - a potion of might {unknown}
 E - a potion of attraction {unknown}


   Skills:
 + Level 9.1 Fighting
 * Level 12.2(12.3) Axes
 * Level 2.1(8.1) Maces & Flails
 + Level 8.6 Armour
 + Level 7.9 Dodging
 + Level 2.8 Shields


You had 9 spell levels left.
You didn't know any spells.
Your spell library was empty.

Dungeon Overview and Level Annotations

Branches:
Dungeon (9/15)             Temple (0/1) D:4
   Lair: D:8-11         Orc: D:9-12

Altars:
Elyvilon
Fedhas
Hepliaklqana
Qazlal
Sif Muna
Uskayaw
Vehumet
Wu Jian
Xom

Shops:
D:1 *!


Innate Abilities, Weirdness & Mutations

You have a pair of horns on your head.
You reflexively headbutt those who attack you in melee.


Message History

Amaemon hits you with a -2 demon whip of venom.
* * * LOW HITPOINT WARNING * * *
You are more poisoned.
You block Amaemon's attack.
Amaemon tail-slaps you but does no damage.
You block the orange demon's attack.
You slash Amaemon! You burn Amaemon.
Amaemon is almost dead.
You feel very sick.
The orange demon no longer looks unusually toxic.
Amaemon mumbles some strange words.
You block the orange demon's attack.
You miss Amaemon.
Amaemon is almost dead.
You feel very sick.
The orange demon stings you but does no damage.
Amaemon hits you but does no damage.
You are more poisoned.
You block Amaemon's attack. Amaemon tail-slaps you.
* * * LOW HITPOINT WARNING * * *
You are lethally poisoned!
Amaemon poisons you!
You barely miss Amaemon.
Amaemon is almost dead.
* * * LOW HITPOINT WARNING * * *
You feel extremely sick.
The orange demon stings you but does no damage.
Amaemon completely misses you. You furiously retaliate!
You headbutt Amaemon!!
You kill Amaemon!
Trog accepts your kill.
Trog appreciates your killing of a magic user.
The scorpion disappears in a puff of smoke! x3
Your base Maces & Flails skill increases to level 2!
* * * LOW HITPOINT WARNING * * *
You feel very sick. You block the orange demon's attack. x2
Items here: ( ))) †††.
You feel a strong urge to attack something.
You feel yourself speed up.
You die...

##~.. ~~≈~≈..
.......#####
...........#
#..........# #
#..........# ######...
#..........#####§.......
#............)@.......
#........#####4.......
#.....#### #.....#+#
#.....# ####### #.....#
#.....##############
######.....)........
##.############ ######
#.# ### #.##.#


You could see an orange demon.

Vanquished Creatures
  Amaemon (D:9)
  An unseen horror (D:7)
  7 yaks (D:9)
  A wyvern (D:7)
  A steam dragon (D:7)
  Edmund (D:4)
  A water moccasin (D:7)
  Duvessa (D:6)
  3 sky beasts
  5 orc warriors
  3 ice beasts
  An ogre (D:5)
  2 centaurs
  3 kobold brigands
  A phantom (D:5)
  2 bullfrogs
  A necrophage (D:6)
  5 scorpions
  Dowan (D:6)
  3 killer bees (D:8)
  2 howler monkeys
  8 hounds
  A jelly (D:8)
  6 orc priests
  3 gnoll boudas
  Ijyb (D:3)
  6 iguanas
  Natasha (twice) (D:3)
  7 orc wizards
  Robin (D:3)
  15 gnolls
  4 adders
  A shadow imp (D:7)
  A white imp (D:8)
  2 ufetubi
  A worm (D:4)
  31 orcs
  5 ball pythons
  6 endoplasms
  3 giant cockroaches
  12 goblins
  11 hobgoblins
  7 quokkas
  2 bats
  3 frilled lizards
  21 kobolds
  8 rats
214 creatures vanquished.

Vanquished Creatures (others)
  A gnoll (D:7)
  A fungus (D:3)
  3 plants (D:3)
5 creatures vanquished.

Grand Total: 219 creatures vanquished

Notes
Turn   | Place    | Note
-------+----------+-------------------------------------------
     0 | D:1      | Emberiza the Minotaur Berserker began the quest for the
                  | Orb.
     0 | D:1      | Reached XP level 1. HP: 19/19 MP: 0/0
   138 | D:1      | Reached XP level 2. HP: 25/27 MP: 1/1
   377 | D:1      | Reached skill level 4 in Axes
   383 | D:1      | Found Ududigob's Assorted Antiques.
   498 | D:1      | Found Avoettu's Distillery.
   541 | D:1      | Reached ** piety under Trog
   622 | D:1      | Reached XP level 3. HP: 33/33 MP: 2/2
  1226 | D:2      | Found a radiant altar of Vehumet.
  1326 | D:3      | Noticed Robin
  1343 | D:3      | Reached XP level 4. HP: 24/40 MP: 3/3
  1343 | D:3      | Killed Robin
  1510 | D:3      | Found a stormy altar of Qazlal.
  1527 | D:3      | Found a blossoming altar of Fedhas.
  1527 | D:3      | Noticed Natasha
  1527 | D:3      | Noticed Ijyb
  1539 | D:3      | Killed Natasha
  1540 | D:3      | Killed Ijyb
  1541 | D:3      | Reached skill level 5 in Axes
  1583 | D:3      | Reached XP level 5. HP: 46/47 MP: 4/4
  1601 | D:3      | Found a faded altar of an unknown god.
  1922 | D:3      | Noticed Natasha
  1928 | D:3      | Killed Natasha
  1974 | D:4      | Identified the +1 ring mail of Gravitas {Harm Rampage Int-4
                  | SInv}
  2270 | D:4      | Reached *** piety under Trog
  2281 | D:4      | Found a staircase to the Ecumenical Temple.
  2325 | D:4      | Reached XP level 6. HP: 48/55 MP: 5/5
  2439 | D:4      | Noticed Edmund
  2453 | D:4      | Killed Edmund
  2454 | D:4      | Reached skill level 5 in Fighting
  2454 | D:4      | Reached skill level 6 in Axes
  2505 | D:4      | Found a hide-covered altar of Uskayaw.
  2509 | D:4      | Found a white marble altar of Elyvilon.
  2683 | D:4      | HP: 4/84 [poisoned by a scorpion]
  2685 | D:4      | HP: 1/56 [poisoned by a scorpion]
  2697 | D:4      | Found a shimmering blue altar of Sif Muna.
  2703 | D:4      | Reached XP level 7. HP: 31/61 MP: 6/6
  3044 | D:5      | Entered Level 5 of the Dungeon
  3173 | D:5      | Reached skill level 7 in Axes
  3307 | D:5      | Reached skill level 5 in Armour
  3386 | D:5      | Reached skill level 5 in Dodging
  3386 | D:5      | Reached XP level 8. HP: 57/70 MP: 7/7
  3510 | D:5      | Reached skill level 8 in Axes
  3524 | D:5      | Found the +7 staff of the Meek {protect, meekguard}
  3912 | D:5      | Found an ornate altar of the Wu Jian Council.
  4201 | D:6      | Noticed Duvessa
  4201 | D:6      | Noticed Dowan
  4207 | D:6      | Killed Dowan
  4207 | D:6      | Reached **** piety under Trog
  4211 | D:6      | Killed Duvessa
  4277 | D:6      | Reached skill level 9 in Axes
  4533 | D:6      | Identified the +1 scale mail "Qusos" {+Blink Will+}
  4581 | D:6      | Reached XP level 9. HP: 72/75 MP: 8/8
  4916 | D:7      | Reached skill level 10 in Axes
  5130 | D:7      | Killed an unseen horror
  5897 | D:8      | Reached skill level 11 in Axes
  5925 | D:8      | Found a hazy altar of Hepliaklqana.
  6142 | D:8      | Reached XP level 10. HP: 52/90 MP: 9/9
  6146 | D:8      | Reached ***** piety under Trog
  6477 | D:8      | Found a shimmering altar of Xom.
  6986 | D:9      | Reached skill level 1 in Shields
  7048 | D:9      | Noticed Amaemon
  7052 | D:9      | Noticed an orange demon
  7072 | D:9      | Reached skill level 12 in Axes
  7084 | D:9      | Reached skill level 1 in Maces & Flails
  7095 | D:9      | HP: 4/136 [poisoned by Amaemon]
  7095 | D:9      | Killed Amaemon
  7096 | D:9      | HP: 1/136 [poisoned by Amaemon]
  7097 | D:9      | Succumbed to Amaemon's poison

Illustrated notes

Levels and vault maps discovered:
D:1:      minmay_arrival_plants_in_alcoves, layout_loops_ring, serial_shops,
          nicolae_lakefront_shop, nicolae_shop_crystal,
          chequers_serial_rivers_small_a
D:2:      layout_basic, basic_altar
D:3:      layout_rooms, grunt_temple_overflow_forces_of_nature,
          dreamdust_ecumenical_altar_grove, kennysheep_boxes, uniq_natasha,
          uniq_ijyb, uniq_robin
D:4:      layout_loops_ring, old_standard_altar, minitemple,
          minmay_temple_entry_glass, minmay_circle_x, uniq_edmund
D:5:      layout_gridville, mainiacjoe_overflow_alcove_2, pf_guarded_unrand_meek
D:6:      layout_cave_pools, kennysheep_nub, kennysheep_opposing_triangles,
          uniq_duvessa
D:7:      layout_basic
D:8:      layout_cave_pools, mainiacjoe_overflow_catwalk,
          nicolae_overflow_crystal_walls, serial_rivers,
          chequers_serial_rivers_micro_c, chequers_serial_rivers_large_a,
          chequers_serial_rivers_micro_a, chequers_serial_rivers_micro_a,
          kennysheep_path_1
D:9:      layout_basic, erik_lair_dragon, enter_bailey_3, uniq_joseph,
          uniq_amaemon

Skill      XL: |  1  2  3  4  5  6  7  8  9 10 |
---------------+-------------------------------+-----
Axes           | 4 5 6 7 9 11 12 | 12.2
Fighting       | 4 5 6 7 8 9 |  9.1
Armour         | 3 4 5 6 8 |  8.6
Dodging        | 3 4 5 6 7 |  7.9
Shields        | 2 |  2.8
Maces & Flails | 2 |  2.1

Action                   |  1- 3 |  4- 6 |  7- 9 | 10-12 || total
-------------------------+-------+-------+-------+-------++-------
Melee: Hand axe          |    82 |   107 |   291 |   102 ||   582
       Headbutt          |    11 |    26 |    56 |    25 ||   118
       Punch             |       |     2 |       |       ||     2
Throw: Dart              |       |       |       |     1 ||     1
Invok: Trog's Hand       |       |     2 |     1 |     2 ||     5
       Berserk           |       |     1 |     3 |     1 ||     5
  Use: Scroll            |     6 |     5 |     5 |       ||    16
       Potion            |       |     1 |     1 |     1 ||     3
Armor: Animal skin       |     8 |       |       |       ||     8
       Chain mail        |    29 |    62 |   190 |    21 ||   302
       Plate armour      |       |       |       |    36 ||    36
Dodge: Dodged            |    28 |    47 |    82 |    15 ||   172
Block: Other             |    17 |    13 |       |       ||    30
       Tower shield      |       |       |   205 |    85 ||   290
       Reflection        |       |       |     4 |     3 ||     7

Table legend: (Time is in decaauts)
 A = Elapsed time spent in this place.
 B = Non-inter-level travel time spent in this place.
 C = Inter-level travel time spent in this place.
 D = Time resting spent in this place.
 E = Time spent auto-exploring this place.
 F = Levels seen in this place.
 G = Mean time per level.
                   A        B        C        D        E       F      G
               +--------+--------+--------+--------+--------+-----+--------+
         Total |   7209 |   6936 |    273 |      0 |   5221 |   9 |  801.0 |
       Dungeon |   7209 |   6936 |    273 |      0 |   5221 |   9 |  801.0 |
               +--------+--------+--------+--------+--------+-----+--------+

Top non-repeatable levels by time:
     D:5: 1150 daAuts
     D:4: 1091 daAuts
     D:8: 1042 daAuts
     D:7: 993 daAuts
     D:1: 771 daAuts
     D:6: 734 daAuts
     D:3: 639 daAuts
     D:2: 561 daAuts
     D:9: 224 daAuts
